 Dungeon Crawl Stone Soup version 0.23.2-30-g0e89c35649 (webtiles) character file.

Game seed: 9713630109467174365

429 Morrissey the Ducker (level 6, 0/32 HPs)
             Began as a Spriggan Berserker on June 2, 2019.
             Was a Priest of Trog.
             Slain by an orc priest
             ... wielding a +0 flail
              (10 damage)
             ... on level 4 of the Dungeon on June 10, 2019.
             The game lasted 00:12:54 (6719 turns).

Morrissey the Ducker (Spriggan Berserker)           Turns: 6719, Time: 00:12:54

Health: 0/32       AC:  3    Str: 14    XL:     6   Next: 66%
Magic:  7/7        EV: 22    Int:  8    God:    Trog [***...]
Gold:   273        SH:  0    Dex: 17    Spells: 5/5 levels left

rFire    . . .     SeeInvis +   a - +0 short sword
rCold    . . .     Gourm    .   (shield restricted)
rNeg     . . .     Faith    .   b - +0 animal skin
rPois    .         Spirit   .   (helmet restricted)
rElec    .         Reflect  .   s - +0 cloak
rCorr    +         Harm     .   (gloves unavailable)
MR       +....                  (boots unavailable)
Stlth    +++.......             (no amulet)
HPRegen  0.10/turn              r - ring of resist corrosion
MPRegen  0.10/turn              (no ring)

@: very quick
A: very small, unfitting armour, see invisible, herbivore, speed 3, slow
metabolism 2
a: Berserk, Trog's Hand, Renounce Religion


You were on level 4 of the Dungeon.
You worshipped Trog.
Trog was most pleased with you.
You were not hungry.

You visited 1 branch of the dungeon, and saw 4 of its levels.

You collected 273 gold pieces.

Inventory:

Hand Weapons
 a - a +0 short sword (weapon)
Missiles
 f - 71 stones (quivered)
 t - 9 sling bullets
Armour
 b - a +0 animal skin (worn)
 s - a +0 cloak (worn)
Jewellery
 r - a ring of resist corrosion (left hand)
Scrolls
 d - 3 scrolls of remove curse {unknown}
 h - 5 scrolls of identify {unknown}
 i - a scroll of blinking {unknown}
 j - 2 scrolls of teleportation {unknown}
 l - a scroll of amnesia {unknown}
 n - a scroll of random uselessness {unknown}
 p - a scroll of fear {unknown}
 q - 2 scrolls of magic mapping {unknown}
Potions
 e - a potion of resistance {unknown}
 g - a potion of lignification
 k - a potion of flight {unknown}
 m - a potion of haste {unknown}
 u - a potion of might {unknown}
Comestibles
 c - 5 rations


   Skills:
 - Level 2.4 Fighting
 * Level 6.3 Short Blades
 + Level 6.6 Dodging
 + Level 5.1 Stealth


You had 5 spell levels left.
You didn't know any spells.
Your spell library was empty.

Dungeon Overview and Level Annotations

Branches:
Dungeon (4/15)
 Temple: D:4-7

Altars:
Trog
The Shining One


Innate Abilities, Weirdness & Mutations

You are very small and have problems with some larger weapons.
You are too small for most types of armour.
You have supernaturally acute eyesight. (SInv)
You are a herbivore.
You cover ground extremely quickly.
You need to consume almost no food.


Message History

f - 71 stones (gained 1)
You start resting.
The orc priest is too close now for your liking.
The orc priest mumbles some strange prayers to Beogh against you.
Pain shoots through your body!
* * * LOW HITPOINT WARNING * * *
You hit the orc priest.
The orc priest is moderately wounded.
You hit the orc priest but do no damage.
The orc priest is moderately wounded.
The orc priest barely misses you.
You hit the orc priest.
The orc priest is heavily wounded.
The orc priest hits you with a +0 flail!
* * * LOW HITPOINT WARNING * * *
You closely miss the orc priest.
The orc priest is heavily wounded.
You feel better.
The orc priest hits you with a +0 flail!
You die...

#... ......# .#. #..# ......#
.#.# #.(# .......
.#.############.###.......
..................o.......
..........................
..#...........#..........#
..#........#..#o########.#
................@.........
)......###.#.#.################
#.#####..##..............#.##..
..##.#8(.8##.#.#...##......##.###
.............#.#(..##.##.#.##.#..
####...>....##.######.##.#.##....
#..#8..8#....# ##.##.#......#
....##..##..######......####...#
############.#..<......... .#.#.#


You could see an orc priest.

Vanquished Creatures
  2 hounds (D:4)
  A centaur skeleton (D:2)
  2 orc priests (D:4)
  An iguana (D:4)
  3 worker ants (D:4)
  A hound skeleton (D:4)
  6 adders
  3 worms
  A dart slug (D:1)
  6 leopard geckos
  11 orcs
  11 bats
  4 giant cockroaches
  8 goblins
  6 hobgoblins
  8 jackals
  A ball python (D:2)
  8 frilled lizards
  9 kobolds
  8 rats
100 creatures vanquished.

Notes
Turn   | Place    | Note
-------+----------+-------------------------------------------
     0 | D:1      | Morrissey the Spriggan Berserker began the quest for the
                  | Orb.
     0 | D:1      | Reached XP level 1. HP: 11/11 MP: 2/2
   114 | D:1      | Reached skill level 1 in Stealth
   160 | D:1      | Reached XP level 2. HP: 9/16 MP: 3/3
   832 | D:1      | Upgraded the game from 0.23.2-11-gf996548c65 to
                  | 0.23.2-30-g0e89c35649
  1308 | D:2      | Reached ** piety under Trog
  1355 | D:2      | Reached XP level 3. HP: 19/19 MP: 4/4
  1698 | D:1      | Reached skill level 5 in Dodging
  1906 | D:2      | Reached XP level 4. HP: 17/23 MP: 5/5
  3090 | D:3      | Noticed a sky beast
  3370 | D:3      | Found a glowing golden altar of the Shining One.
  3370 | D:3      | Found a bloodstained altar of Trog.
  3786 | D:3      | Reached skill level 5 in Short Blades
  4109 | D:3      | Reached XP level 5. HP: 21/27 MP: 6/6
  4291 | D:3      | Reached *** piety under Trog
  5782 | D:4      | Reached XP level 6. HP: 10/32 MP: 7/7
  6348 | D:4      | Reached skill level 5 in Stealth
  6719 | D:4      | Slain by an orc priest

Skill      XL: |  1  2  3  4  5  6 |
---------------+-------------------+-----
Stealth        | 1 2 3 4 5 |  5.1
Short Blades   | 4 5 6 |  6.3
Dodging        | 5 6 |  6.6
Fighting       | |  2.4

Action                   |  1- 3 |  4- 6 || total
-------------------------+-------+-------++-------
Melee: Short sword       |   138 |   360 ||   498
Throw: Stone             |     1 |    83 ||    84
  Use: Potion            |       |     3 ||     3
 Stab: Sleeping          |     3 |     5 ||     8
       Distracted        |       |     1 ||     1
  Eat: Ration            |       |     2 ||     2
Armor: Animal skin       |     7 |    19 ||    26
       Skin              |       |     4 ||     4
Dodge: Dodged            |   117 |   282 ||   399
